 Dungeon Crawl Stone Soup version 0.23-a0-303-gfcac5de (webtiles) character file.

62 Amnesiac the Ducker (level 3, 0/22 HPs)
             Began as a Deep Elf Fighter on Oct 8, 2018.
             Slain by an adder (3 damage)
             ... on level 3 of the Dungeon.
             The game lasted 00:02:48 (969 turns).

Amnesiac the Ducker (Deep Elf Fighter)               Turns: 969, Time: 00:02:49

Health: 0/22       AC:  7    Str: 19    XL:     3   Next: 85%
Magic:  5/5        EV:  8    Int: 12    God:
Gold:   14         SH:  9    Dex: 14    Spells: 2/2 levels left

rFire    . . .     SeeInvis .   a - +0 long sword
rCold    . . .     Gourm    .   c - +0 shield
rNeg     . . .     Faith    .   b - +0 scale mail
rPois    .         Spirit   .   i - +0 helmet
rElec    .         Reflect  .   (no cloak)
rCorr    .         Harm     .   (no gloves)
MR       .....                  (no boots)
Stlth    ..........             (no amulet)
HPRegen  0.07/turn              (no ring)
MPRegen  0.09/turn              (no ring)

@: mighty
A: no striking features
a: no special abilities


You were on level 3 of the Dungeon.
You were hungry.

You visited 1 branch of the dungeon, and saw 3 of its levels.

You collected 14 gold pieces.

Inventory:

Hand Weapons
 a - a +0 long sword (weapon)
Missiles
 h - 23 arrows
Armour
 b - a +0 scale mail (worn)
 c - a +0 shield (worn)
 i - a +0 helmet (worn)
Wands
 j - a wand of clouds (2)
Scrolls
 e - 4 scrolls of identify {!r, unknown}
Comestibles
 f - a ration
 g - 4 chunks of flesh


   Skills:
 * Level 2.8 Fighting
 - Level 2.0 Long Blades
 * Level 2.8 Armour
 + Level 2.8 Dodging
 - Level 2.4 Shields


You had 2 spell levels left.
You didn't know any spells.
Your spell library was empty.

Dungeon Overview and Level Annotations

Branches:
Dungeon (3/15)

Altars:


Message History

The quokka barely misses you. The kobold hits you.
* * * LOW HITPOINT WARNING * * *
You block the hound's attack.
The adder moves out of view.
You hit the hound.
The hound is heavily wounded.
The hound barely misses you. You block the quokka's attack.
You block the kobold's attack. The hound completely misses you.
You riposte.
You miss the hound.
The hound is heavily wounded.
The quokka bites you but does no damage.
You barely miss the hound.
The hound is heavily wounded.
The hound bites you but does no damage. The kobold hits you but does no damage.
The quokka barely misses you.
You riposte.
You slash the quokka!
You kill the quokka!
You block the hound's attack. The kobold barely misses you.
You closely miss the hound.
The hound is heavily wounded.
You block the hound's attack. x2; The kobold hits you but does no damage.
You hit the hound.
The hound is severely wounded.
The hound bites you.
* * * LOW HITPOINT WARNING * * *
The adder bites you but does no damage. The kobold hits you but does no damage.
You block the hound's attack. The adder bites you.
* * * LOW HITPOINT WARNING * * *
The kobold barely misses you.
You closely miss the hound.
The hound is severely wounded.
The hound bites you but does no damage. The adder bites you but does no damage.
The hound bites you.
* * * LOW HITPOINT WARNING * * *
You block the kobold's attack. You block the adder's attack.
You hit the hound.
The hound is almost dead.
You block the hound's attack. The adder completely misses you.
The hound closely misses you. The kobold hits you.
* * * LOW HITPOINT WARNING * * *
The adder bites you but does no damage. You block the hound's attack.
The kobold hits you but does no damage.
You closely miss the hound.
The hound is almost dead.
The hound bites you but does no damage. The adder bites you but does no damage.
You block the kobold's attack. The hound bites you.
* * * LOW HITPOINT WARNING * * *
You are too injured to fight recklessly!
The adder barely misses you. You block the hound's attack.
Okay, then.
Really quaff
d - a potion of might {!q}?
You feel very mighty all of a sudden. You block the adder's attack.
The adder bites you but does no damage.
You barely miss the adder. You block the adder's attack.
The adder completely misses you.
You riposte.
Your shield and scale mail prevent you from hitting the adder.
You closely miss the adder. You block the adder's attack.
The hound pauses to sniff the ground.
You hit the adder.
The adder is lightly wounded.
The adder bites you but does no damage. x2
You closely miss the adder.
The adder is lightly wounded.
The adder bites you but does no damage. The adder bites you.
You die...

##..# #.# ##
#..## #.####
#.(.# #....#
#(..#########.#
##..8.8.8. #.#
##........ #.#
##......... #..
####(.........
###
#.@Sh#........
#...##KS........
#... ##...8.8.8.
#... #)..######
#... #......
.... #....#...
#.... #....# ##
#.#.. #....#
#....[


You could see a hound, 2 adders and a kobold.

Vanquished Creatures
  Ijyb (D:2)
  An ooze (D:1)
  A leopard gecko (D:1)
  A ball python (D:2)
  A giant cockroach (D:2)
  9 goblins
  3 hobgoblins
  3 jackals (D:1)
  A quokka (D:3)
  3 bats
  A kobold (D:1)
  2 rats (D:1)
27 creatures vanquished.

Notes
Turn   | Place    | Note
-------+----------+-------------------------------------------
     0 | D:1      | Amnesiac the Deep Elf Fighter began the quest for the Orb.
     0 | D:1      | Reached XP level 1. HP: 13/13 MP: 3/3
    36 | D:1      | Reached skill level 1 in Dodging
    70 | D:1      | Reached XP level 2. HP: 9/18 MP: 4/4
   639 | D:3      | Noticed Ijyb
   722 | D:2      | Killed Ijyb
   722 | D:2      | Reached XP level 3. HP: 7/22 MP: 5/5
   969 | D:3      | Slain by an adder

Vault maps used:
D:1:      lemuel_arrival_behind_the_door_large, kennysheep_small_spiral
D:2:      kennysheep_big_flooded_room, okawaru_trees_1, first_ration
D:3:      kennysheep_the_goblin_king, grunt_dithmenos_smoke_and_mirrors,
          st_stairs_1, kennysheep_generic_room_11

Skill      XL: |  1  2 |
---------------+-------+-----
Dodging        | 1 2 |  2.8
Long Blades    | 2 |  2.0
Fighting       | |  2.8
Armour         | |  2.8
Shields        | |  2.4

Action                   || total
-------------------------++-------
Melee: Long sword        ||   128
  Use: Potion            ||     1
Armor: Scale mail        ||    76
Dodge: Dodged            ||    58
Block: Shield            ||    86
       Rpst.: Long sword ||    20

Table legend:
 A = Non-vault XP
 B = Vault XP
 C = Vault XP percentage of total XP
 D = Non-vault monster count
 E = Vault monster count
 F = Vault count percentage of total count
                 A         B        C        D         E       F
            +---------+---------+-------+---------+---------+-------
      Total |      41 |      48 |  53.9 |      20 |       7 |  25.9
            +---------+---------+-------+---------+---------+-------
        D:1 |      28 |       0 |   0.0 |      13 |       0 |   0.0
        D:2 |       4 |      36 |  90.0 |       2 |       1 |  33.3
        D:3 |       9 |      12 |  57.1 |       5 |       6 |  54.5
            +---------+---------+-------+---------+---------+-------
